 Dungeon Crawl Stone Soup version 0.21.1-1-g345015f (webtiles) character file.

167 toffzen the Covered (level 5, 0/43 HPs)
             Began as a Gnoll Wanderer on Mar 21, 2018.
             Slain by an orc wizard
             ... wielding a +0 dagger
              (1 damage)
             ... on level 3 of the Dungeon.
             The game lasted 00:11:38 (4427 turns).

toffzen the Covered (Gnoll Wanderer)                Turns: 4427, Time: 00:11:40

Health: 0/43       AC:  4    Str: 13    XL:     5   Next: 48%
Magic:  18/18      EV:  9    Int: 16    God:
Gold:   241        SH:  8    Dex: 15    Spells: 10/10 levels left

rFire    . . .     SeeInvis .   a - -1 war axe (curse)
rCold    . . .     Gourm    .   k - +0 shield
rNeg     . . .     Faith    .   h - +0 leather armour (curse)
rPois    .         Spirit   .   (no helmet)
rElec    .         Reflect  .   (no cloak)
rCorr    .         Harm     .   (no gloves)
MR       .....                  v - +0 pair of boots
Stlth    ++........             (no amulet)
HPRegen  0.14/turn              u - ring of magical power
MPRegen  0.16/turn              (no ring)

@: no status effects
A: distributed training, fangs 1, strong nose
a: no special abilities


You were on level 3 of the Dungeon.
You were not hungry.

You visited 1 branch of the dungeon, and saw 3 of its levels.

You collected 241 gold pieces.

Inventory:

Hand Weapons
 a - a cursed -1 war axe (weapon)
 b - a +0 shortbow
 m - a +0 flail
 p - a +0 club
 w - a +1 hand axe
Missiles
 c - 63 arrows
 g - 42 bolts
 n - 89 stones (quivered)
 s - 8 javelins
Armour
 e - a +0 robe
 h - a cursed +0 leather armour (worn)
 i - a +1 chain mail
 k - a +0 shield (worn)
 v - a +0 pair of boots (worn)
 z - a +0 ring mail
Jewellery
 u - a ring of magical power (left hand)
Wands
 q - a wand of digging (17)
 r - a wand of polymorph (14)
Scrolls
 j - 2 scrolls of enchant armour
 y - a scroll of enchant weapon
 A - 2 scrolls of remove curse {unknown}
Potions
 o - a potion of mutation
 t - a potion of might {unknown}
 x - a potion of agility {unknown}
Books
 l - a book of Changes

   Spells                             Type                      Level
   a - Beastly Appendage              Transmutation                1
   b - Sticks to Snakes               Transmutation                2
   c - Spider Form                    Transmutation/Poison         3
   d - Ice Form                       Ice/Transmutation            4
   e - Blade Hands                    Transmutation                5
Comestibles
 d - 5 chunks of flesh
 f - 7 rations


   Skills:
 + Level 4.8 Fighting
 + Level 1.4 Short Blades
 + Level 1.4 Long Blades
 + Level 1.4 Axes
 + Level 1.4 Maces & Flails
 + Level 1.4 Polearms
 + Level 1.4 Staves
 + Level 1.4 Slings
 + Level 3.0 Bows
 + Level 1.4 Crossbows
 + Level 1.4 Throwing
 + Level 4.8 Armour
 + Level 1.4 Dodging
 + Level 2.7 Stealth
 + Level 3.0 Shields
 + Level 1.4 Unarmed Combat
 + Level 3.1 Spellcasting
 + Level 1.1 Conjurations
 + Level 1.1 Hexes
 + Level 1.1 Charms
 + Level 1.1 Summonings
 + Level 1.1 Necromancy
 + Level 1.1 Translocations
 + Level 3.9 Transmutations
 + Level 1.1 Fire Magic
 + Level 1.1 Ice Magic
 + Level 1.1 Air Magic
 + Level 1.1 Earth Magic
 + Level 1.1 Poison Magic
 + Level 1.6 Invocations
 + Level 1.4 Evocations


You had 10 spell levels left.
You didn't know any spells.

Dungeon Overview and Level Annotations

Branches:
Dungeon (3/15)

Altars:
Kikubaaqudgha
The Shining One


Innate Abilities, Weirdness & Mutations

Your experience applies equally to all skills.
You have very sharp teeth.
Your uncanny sense of smell can sniff out nearby items.


Message History

You completely miss something. Something hits you but does no damage.
You bump into the rock wall.
You hear some strange, mumbled words.
A puff of flame appears from out of thin air!
The puff of flame hits you!
* * * LOW HITPOINT WARNING * * *
You're too confused to move!
You feel less confused.
An orc wizard appears from thin air!
Reactivating autopickup.
The orc wizard points at you and mumbles some strange words.
The magic dart hits you!
* * * LOW HITPOINT WARNING * * *
You hit the orc wizard but do no damage.
The orc wizard is severely wounded.
The orc wizard casts a spell.
The orc wizard flickers and vanishes!
Deactivating autopickup; reactivate with Ctrl-A.
Something hits you.
You die...

.#.##.# #.# .#.##.###
#.# .#......###.#
#...###.....# ##..#
#.##### ##.###.###
##......#
##.#####.#############
##..# #.......@{....#
#.#.# #############.#
.##.# #.# .##.#######
#.# .##.#.....# #.#
.##.#.###.# #.#
......# #.# #o#
.##.#.###.# #.###
###.#.....### #...#


There were no monsters in sight!

Vanquished Creatures
  An orc wizard (D:3)
  A worker ant (D:3)
  2 adders
  An ooze (D:1)
  2 worms (D:2)
  2 dart slugs (D:1)
  3 leopard geckos
  10 orcs
  A ball python (D:1)
  7 bats
  A giant cockroach (D:1)
  A goblin (D:1)
  12 hobgoblins
  4 jackals (D:3)
  A quokka (D:2)
  6 frilled lizards
  9 kobolds
  13 rats
77 creatures vanquished.

Notes
Turn   | Place    | Note
-------+----------+-------------------------------------------
     0 | D:1      | toffzen the Gnoll Wanderer began the quest for the Orb.
     0 | D:1      | toffzen set off with: a book of Changes, a +0 shortbow, 28 arrows, a scroll of teleportation, a +0 robe, a ration
     0 | D:1      | Reached XP level 1. HP: 20/20 MP: 4/4
   128 | D:1      | Reached XP level 2. HP: 21/26 MP: 5/5
   672 | D:1      | Reached XP level 3. HP: 23/31 MP: 7/7
  1237 | D:2      | Reached skill level 1 in Invocations
  1754 | D:2      | Reached skill level 1 in Short Blades
  1754 | D:2      | Reached skill level 1 in Long Blades
  1754 | D:2      | Reached skill level 1 in Axes
  1754 | D:2      | Reached skill level 1 in Maces & Flails
  1754 | D:2      | Reached skill level 1 in Polearms
  1754 | D:2      | Reached skill level 1 in Staves
  1754 | D:2      | Reached skill level 1 in Slings
  1754 | D:2      | Reached skill level 1 in Crossbows
  1754 | D:2      | Reached skill level 1 in Throwing
  1754 | D:2      | Reached skill level 1 in Dodging
  1754 | D:2      | Reached skill level 1 in Unarmed Combat
  1754 | D:2      | Reached skill level 1 in Evocations
  1819 | D:2      | Reached XP level 4. HP: 38/38 MP: 8/8
  2556 | D:2      | Reached skill level 1 in Conjurations
  2556 | D:2      | Reached skill level 1 in Hexes
  2556 | D:2      | Reached skill level 1 in Charms
  2556 | D:2      | Reached skill level 1 in Summonings
  2556 | D:2      | Reached skill level 1 in Necromancy
  2556 | D:2      | Reached skill level 1 in Translocations
  2556 | D:2      | Reached skill level 1 in Fire Magic
  2556 | D:2      | Reached skill level 1 in Ice Magic
  2556 | D:2      | Reached skill level 1 in Air Magic
  2556 | D:2      | Reached skill level 1 in Earth Magic
  2556 | D:2      | Reached skill level 1 in Poison Magic
  2800 | D:3      | Reached XP level 5. HP: 22/43 MP: 9/9
  3754 | D:3      | Found a glowing golden altar of the Shining One.
  3755 | D:3      | Found an ancient bone altar of Kikubaaqudgha.
  4426 | D:3      | HP: 1/43 [orc wizard/magic dart (7)]
  4427 | D:3      | Slain by an orc wizard

Skill      XL: |  1  2  3  4  5 |
---------------+----------------+-----
Invocations    | 1 |  1.6
Short Blades   | 1 |  1.4
Long Blades    | 1 |  1.4
Axes           | 1 |  1.4
Maces & Flails | 1 |  1.4
Polearms       | 1 |  1.4
Staves         | 1 |  1.4
Slings         | 1 |  1.4
Crossbows      | 1 |  1.4
Throwing       | 1 |  1.4
Dodging        | 1 |  1.4
Unarmed Combat | 1 |  1.4
Evocations     | 1 |  1.4
Spellcasting   | 3 |  3.1
Conjurations   | 1 |  1.1
Hexes          | 1 |  1.1
Charms         | 1 |  1.1
Summonings     | 1 |  1.1
Necromancy     | 1 |  1.1
Translocations | 1 |  1.1
Fire Magic     | 1 |  1.1
Ice Magic      | 1 |  1.1
Air Magic      | 1 |  1.1
Earth Magic    | 1 |  1.1
Poison Magic   | 1 |  1.1
Bows           | 3 |  3.0
Shields        | 3 |  3.0
Fighting       | |  4.8
Armour         | |  4.8
Stealth        | |  2.7
Transmutations | |  3.9

Action                   |  1- 3 |  4- 6 || total
-------------------------+-------+-------++-------
Melee: Hand axe          |    46 |     5 ||    51
       Bite              |     2 |    14 ||    16
       War axe           |       |   160 ||   160
       Punch             |       |     1 ||     1
 Fire: Shortbow          |    95 |    16 ||   111
Throw: Stone             |       |    12 ||    12
  Use: Scroll            |       |     7 ||     7
       Potion            |       |     4 ||     4
 Stab: Sleeping          |     1 |     2 ||     3
  Eat: Ration            |     1 |     1 ||     2
       Chunk             |       |     6 ||     6
Armor: Leather armour    |    19 |    52 ||    71
Dodge: Dodged            |    34 |    84 ||   118
Block: Shield            |       |    32 ||    32
